Match 46069837
Unlisted

Match 46069837
End
Construct Barracks
Engineer Squad
1⁄4-ton 4x4 Truck
Selects Airborne Battlegroup
Selects Heavy Machine Gun Paradrop
1⁄4-ton 4x4 Truck
Heavy Machine Gun Paradrop
Construct Weapon Support Center
Bazooka Squad
Selects Recon Loiter
Recon Loiter
Selects Paratrooper Squad Paradrop
Paratrooper Squad Paradrop
Esxile
Spytomb
Swan
Tiensin
0
0

Comments sign in to comment!

No comments posted yet!